 Dungeon Crawl Stone Soup version 0.22-a0-603-gfc1114d (webtiles) character file.

133 Hebeh the Skirmisher (level 4, -1/41 HPs)
             Began as a Minotaur Fighter on July 7, 2018.
             Slain by an adder (4 damage)
             ... on level 3 of the Dungeon.
             The game lasted 00:03:55 (2432 turns).

Hebeh the Skirmisher (Minotaur Fighter)             Turns: 2432, Time: 00:03:56

Health: -1/41      AC:  7    Str: 21    XL:     4   Next: 93%
Magic:  3/3        EV:  7    Int:  5    God:
Gold:   150        SH:  9    Dex: 10    Spells: 3/3 levels left

rFire    . . .     SeeInvis .   a - +0 war axe
rCold    . . .     Gourm    .   c - +0 shield
rNeg     . . .     Faith    .   b - +0 scale mail
rPois    .         Spirit   .   (helmet restricted)
rElec    .         Reflect  .   (no cloak)
rCorr    .         Harm     .   (no gloves)
MR       .....                  (no boots)
Stlth    ..........             (no amulet)
HPRegen  0.13/turn              (no ring)
MPRegen  0.08/turn              (no ring)

@: no status effects
A: retaliatory headbutt, horns 2
a: no special abilities


You were on level 3 of the Dungeon.
You were not hungry.

You visited 1 branch of the dungeon, and saw 3 of its levels.

You collected 150 gold pieces.

Inventory:

Hand Weapons
 a - a +0 war axe (weapon)
Missiles
 e - 62 stones (quivered)
 h - 47 sling bullets
Armour
 b - a +0 scale mail (worn)
 c - a +0 shield (worn)
Jewellery
 j - an uncursed ring of protection from fire {unknown}
 m - an uncursed ring of stealth {unknown}
Scrolls
 g - 2 scrolls of blinking {unknown}
 k - a scroll of identify {unknown}
 l - a scroll of teleportation {unknown}
 o - a scroll of immolation {unknown}
 t - a scroll of noise {unknown}
 v - a scroll of amnesia {unknown}
Potions
 d - a potion of might
 i - a potion of degeneration {unknown}
 n - a potion of flight {unknown}
 p - 2 potions of ambrosia {unknown}
 q - a potion of mutation {unknown}
 s - a potion of brilliance {unknown}
 u - a potion of cancellation {unknown}
Comestibles
 f - 4 rations


   Skills:
 + Level 4.4 Fighting
 * Level 4.3 Axes
 + Level 4.4 Armour
 + Level 4.4 Shields


You had 3 spell levels left.
You didn't know any spells.
Your spell library was empty.

Dungeon Overview and Level Annotations

Branches:
Dungeon (3/15)

Altars:
Gozag
Makhleb
Qazlal
Uskayaw
Vehumet
Zin
The Shining One


Innate Abilities, Weirdness & Mutations

You reflexively headbutt those who attack you in melee.
You have a pair of horns on your head.


Message History

The gnoll hits you from afar with a halberd!
The adder bites you but does no damage.
You are too injured to fight recklessly!
You are too injured to fight recklessly!
You are too injured to fight recklessly!
You are too injured to fight recklessly!
Unknown command.
You are too injured to fight recklessly!
You are too injured to fight recklessly!
You are too injured to fight recklessly!
The gnoll hits you from afar with an enchanted halberd.
The gnoll hits you with a halberd!
* * * LOW HITPOINT WARNING * * *
Things that are here:
a club; a gnoll corpse You hit the gnoll.
You headbutt the gnoll.
The gnoll is heavily wounded.
You miss the adder. You block the adder's attack. The gnoll closely misses you.
The adder bites you.
You die...

#.#...##.# #..# #.##.##.<#
#.#....#.###..##..........#
....._........##.. .......
##.#....#.#..###.# ....
#.##...#.##.# #.#
#....###.##.# #g# ###.#
####.....##.# #g# ....< ##
##.#####..###g# ##.# .#
#...........#@# .#
#.#.#######.#S#.##.. .#
#.#..........l.).....
.###.#########.#........
.##...##### #.#.####...
........... ....# ##
###...#######.#.##
.>...........# #
####.########


You could see 3 gnolls, an adder and a frilled lizard.

Vanquished Creatures
  2 gnolls
  4 adders
  An ooze (D:3)
  4 worms (D:2)
  A dart slug (D:3)
  3 leopard geckos
  6 giant cockroaches
  6 goblins
  5 hobgoblins
  9 jackals
  6 bats
  2 frilled lizards (D:2)
  4 kobolds
  3 rats
56 creatures vanquished.

Notes
Turn   | Place    | Note
-------+----------+-------------------------------------------
     0 | D:1      | Hebeh the Minotaur Fighter began the quest for the Orb.
     0 | D:1      | Reached XP level 1. HP: 19/19 MP: 0/0
    93 | D:1      | Reached XP level 2. HP: 25/27 MP: 1/1
   259 | D:1      | Reached XP level 3. HP: 22/33 MP: 2/2
   678 | D:1      | You fall through a shaft!
  1127 | D:2      | Reached XP level 4. HP: 40/40 MP: 3/3
  1157 | D:2      | Found a glowing golden altar of the Shining One.
  1213 | D:2      | Found a glowing silver altar of Zin.
  2034 | D:3      | Found a radiant altar of Vehumet.
  2035 | D:3      | Found a stormy altar of Qazlal.
  2036 | D:3      | Found an opulent altar of Gozag.
  2049 | D:3      | Found a burning altar of Makhleb.
  2321 | D:3      | Found a hide-covered altar of Uskayaw.
  2431 | D:3      | HP: 2/41 [gnoll/halberd (11)]
  2432 | D:3      | Slain by an adder

Vault maps used:
D:1:      dpeg_arrival_simpleton_b
D:2:      kb_forest_paths, lemuel_doored_altar, tso_altar
D:3:      nicolae_overflow_crystal_walls, nicolae_overflow_quartered_altars

Skill      XL: |  1  2  3  4 |
---------------+-------------+-----
Axes           | 3 4 |  4.3
Fighting       | 4 |  4.4
Armour         | 4 |  4.4
Shields        | 4 |  4.4

Action                   |  1- 3 |  4- 6 || total
-------------------------+-------+-------++-------
Melee: War axe           |    86 |    60 ||   146
       Headbutt          |     9 |    10 ||    19
  Eat: Chunk             |     1 |     1 ||     2
       Ration            |       |     1 ||     1
Armor: Scale mail        |    39 |    31 ||    70
Dodge: Dodged            |    23 |    20 ||    43
Block: Shield            |    45 |    41 ||    86

Table legend:
 A = Spawn XP
 B = Non-spawn XP
 C = Spawn XP percentage of total XP
 D = Spawn monster count
 E = Non-spawn monster count
 F = Spawn count percentage of total count
 G = Total turns spent on level
                    A         B        C        D         E        F      G
               +---------+---------+-------+---------+---------+-------+---------
         Total |       0 |     190 |   0.0 |       0 |      56 |   0.0 |  2432
               +---------+---------+-------+---------+---------+-------+---------
           D:1 |       0 |      51 |   0.0 |       0 |      22 |   0.0 |   755
           D:2 |       0 |      93 |   0.0 |       0 |      26 |   0.0 |  1228
           D:3 |       0 |      46 |   0.0 |       0 |       8 |   0.0 |   449
               +---------+---------+-------+---------+---------+-------+---------
